 Dungeon Crawl Stone Soup version 0.14-a0-759-g26e2352 (webtiles) character file.

415 PolkaDot the Insei (level 6, -3/45 HPs)
             Began as a Vampire Monk on Nov 8, 2013.
             Slain by a phantom (6 damage)
             ... on Level 5 of the Dungeon.
             The game lasted 00:10:38 (2779 turns).

PolkaDot the Insei (Vampire Monk)                   Turns: 2779, Time: 00:10:39

HP  -3/45        AC  3     Str 10      XL: 6   Next: 22%
MP   6/6         EV 16     Int 12      God:
Gold 93          SH  0     Dex 21      Spells:  0 memorised,  5 levels left

Res.Fire  : . . .   See Invis. : +     - Unarmed
Res.Cold  : . . .   Warding    : .   a - +1 robe
Life Prot.: . . .   Conserve   : .   (no shield)
Res.Poison: .       Res.Corr.  : .   (no helmet)
Res.Elec. : .       Clarity    : .   (no cloak)
Sust.Abil.: . .     Spirit.Shd : .   (no gloves)
Res.Mut.  : .       Stasis     : .   (no boots)
Res.Rott. : .       Flight     : .   i - amulet of rage
Saprovore : . . .                    (no ring)
                                     e - +3 ring of dexterity

@: regenerating quickly, confused, slightly resistant to hostile enchantments,
unstealthy
A: bottle blood, fangs 3, see invisible, unbreathing
a: Bottle Blood, Evoke Berserk Rage


You were on level 5 of the Dungeon.
You were full.

You visited 1 branch of the dungeon, and saw 5 of its levels.

You collected 93 gold pieces.

Inventory:

Armour
 a - a +1 robe (worn)
 o - a +1 dwarven cloak
Magical devices
 h - a wand of frost (13)
Scrolls
 b - a scroll of remove curse
 c - a scroll of identify
 d - a scroll of enchant armour
 m - a scroll of teleportation
Jewellery
 e - a +3 ring of dexterity (left hand)
 i - an amulet of rage (around neck)
Potions
 f - a potion of restore abilities
 j - a potion of mutation


   Skills:
 - Level 2.6 Fighting
 + Level 4.7 Dodging
 + Level 5.9 Stealth
 * Level 6.6 Unarmed Combat


You had 5 spell levels left.
You didn't know any spells.

Dungeon Overview and Level Annotations

Branches:
Dungeon (5/27)
 Temple: D:4-7

Altars:
Elyvilon
Nemelex Xobeh
Okawaru


Innate Abilities, Weirdness & Mutations

Your natural rate of healing is unusually fast.
You can bottle blood from corpses.
You have razor-sharp teeth.*
You have supernaturally acute eyesight.
You can survive without breathing.*


Message History

You barely miss the orc wizard.
You bite the orc wizard, but do no damage.
The orc wizard is almost dead.
The orc wizard hits you with an orcish dagger.
You hit the orc wizard.
You kill the orc wizard!
The orc wizard gestures wildly while chanting.
The orc wizard blinks!
Drink which item? (? for menu, Esc to quit)
Okay, then.
You swing at nothing.
The orc barely misses you.
You swing at nothing.
The phantom hits you!
* * * LOW HITPOINT WARNING * * *
The orc hits you with an orcish mace.
* * * LOW HITPOINT WARNING * * *
You swing at nothing.
The phantom closely misses you.
You swing at nothing.
The orc hits you with an orcish mace.
* * * LOW HITPOINT WARNING * * *
The phantom hits you.
You die...

# ##### #.# ###....
.. #.....
#)####.#.##...
#.p@ooo.....#
.......####<#....>.
##### ##.## ###
#...# #.o.# #...#
#...#######r
######..o....[...
#....?.p.........


You could see a phantom, an orc wizard and 2 orcs.

Vanquished Creatures
  A phantom (D:4)
  Sigmund (D:4)
  An orc wizard (D:5)
  A worker ant (D:3)
  2 gnolls (D:3)
  An adder (D:4)
  2 worms
  3 giant geckos
  2 oozes
  An orc (D:3)
  4 giant cockroaches
  10 hobgoblins
  3 jackals (D:3)
  A quokka (D:3)
  2 ball pythons (D:3)
  7 bats
  4 giant newts
  6 goblins
  9 kobolds
  11 rats
72 creatures vanquished.

Notes
Turn   | Place    | Note
--------------------------------------------------------------
     0 | D:1      | PolkaDot, the Vampire Monk, began the quest for the Orb.
     0 | D:1      | Reached XP level 1. HP: 16/16 MP: 1/1
   385 | D:1      | Reached XP level 2. HP: 22/22 MP: 2/2
   845 | D:2      | Reached XP level 3. HP: 22/27 MP: 3/3
   951 | D:2      | Reached skill level 5 in Unarmed Combat
  1743 | D:3      | Reached XP level 4. HP: 28/34 MP: 4/4
  2091 | D:3      | Found an iron altar of Okawaru.
  2503 | D:4      | Noticed Sigmund
  2543 | D:4      | Killed Sigmund
  2543 | D:4      | Reached skill level 5 in Stealth
  2543 | D:4      | Reached skill level 6 in Unarmed Combat
  2543 | D:4      | Reached XP level 5. HP: 21/39 MP: 5/5
  2556 | D:4      | Found a sparkling altar of Nemelex Xobeh.
  2562 | D:4      | Found a white marble altar of Elyvilon.
  2585 | D:4      | Noticed a phantom
  2612 | D:4      | Killed a phantom
  2612 | D:4      | Reached XP level 6. HP: 23/45 MP: 6/6
  2732 | D:5      | Entered Level 5 of the Dungeon
  2779 | D:5      | Slain by a phantom

Action                   |  1- 3 |  4- 6 || total
-------------------------+-------+-------++-------
Melee: Unarmed           |   144 |   131 ||   275
Evoke: Wand              |     1 |       ||     1
  Use: Potion            |     1 |     4 ||     5
       Scroll            |       |    12 ||    12
 Stab: Sleeping          |     8 |     7 ||    15
       Distracted        |     1 |       ||     1
